 Dungeon Crawl Stone Soup version 0.21.1-1-g345015f (webtiles) character file.

56 julzol the Conjurer (level 3, -5/26 HPs)
             Began as a Draconian Conjurer on June 2, 2018.
             Slain by a worker ant (6 damage)
             ... on level 1 of the Dungeon.
             The game lasted 00:12:30 (1125 turns).

julzol the Conjurer (Draconian Conjurer)            Turns: 1125, Time: 00:12:31

Health: -5/26      AC:  6    Str: 10    XL:     3   Next: 69%
Magic:  3/6        EV: 12    Int: 16    God:
Gold:   84         SH:  0    Dex: 11    Spells: 3/6 levels left

rFire    . . .     SeeInvis .   o - +0 whip
rCold    . . .     Gourm    .   (no shield)
rNeg     . . .     Faith    .   (armour unavailable)
rPois    .         Spirit   .   (helmet restricted)
rElec    .         Reflect  .   l - +0 cloak
rCorr    .         Harm     .   (no gloves)
MR       .....                  (no boots)
Stlth    ++........             (no amulet)
HPRegen  0.08/turn              (no ring)
MPRegen  0.10/turn              (no ring)

@: lethally poisoned (-5 -> -10), very slightly contaminated
A: unfitting armour, cold-blooded, AC +5
a: no special abilities


You were on level 1 of the Dungeon.
You were very full.

You visited 1 branch of the dungeon, and saw 2 of its levels.

You collected 84 gold pieces.

Inventory:

Hand Weapons
 i - a +0 hunting sling
 o - a +0 whip (weapon)
Missiles
 j - 15 bolts
Armour
 l - a +0 cloak (worn)
Scrolls
 d - a scroll of teleportation
 k - 2 scrolls of fog {unknown}
Potions
 f - a potion of flight {unknown}
 h - a potion of cancellation {unknown}
 m - a potion of curing {unknown}
 n - a potion of mutation {unknown}
Books
 a - a book of Conjurations

   Spells                             Type                      Level
   a - Magic Dart                     Conjuration                  1
   b - Searing Ray                    Conjuration                  2
   c - Dazzling Spray                 Conjuration/Hexes            3
   d - Fulminant Prism                Conjuration/Hexes            4
   e - Force Lance                    Conjuration/Translocation    4
   f - Iskenderun's Mystic Blast      Conjuration                  4
Comestibles
 b - 2 rations


   Skills:
 + Level 0.1 Fighting
 + Level 0.3 Maces & Flails
 * Level 2.3 Dodging
 + Level 2.1 Stealth
 + Level 0.1 Unarmed Combat
 + Level 2.3 Spellcasting
 + Level 4.6 Conjurations


You had 3 spell levels left.
You knew the following spells:

 Your Spells              Type           Power        Failure   Level  Hunger
a - Magic Dart            Conj           ###.         3%          1    #......
b - Searing Ray           Conj           ###...       4%          2    ###....


Dungeon Overview and Level Annotations

Branches:
Dungeon (2/15)

Altars:
Makhleb
Uskayaw


Innate Abilities, Weirdness & Mutations

Your plain brown scales are hard. (AC +5)
You cannot fit into any form of body armour.
You are cold-blooded and may be slowed by cold attacks.


Message History

You are lethally poisoned!
The worker ant poisons you!
Casting: Magic Dart
Confirm with . or Enter, or press ? or * to list all spells.
Aiming: Magic Dart
Press: ? - help, Shift-Dir - straight line, f/p - worker ant
Aim: a worker ant The magic dart hits the worker ant.
* * * LOW HITPOINT WARNING * * *
You feel sick. The bat hits you but does no damage.
The worker ant closely misses you.
* * * LOW HITPOINT WARNING * * *
You feel sick. The bat barely misses you. The worker ant bites you.
* * * LOW HITPOINT WARNING * * *
The worker ant bites you but does no damage.
You climb upwards.
There is a stone staircase leading down here.
* * * LOW HITPOINT WARNING * * *
You feel sick. The worker ant bites you.
You die...

#.. #..######.# #.#
#.........# #.#
#..######.#######.#
####
#..####...........#
...#
#.รท.##....#########
###...# ##.......#.#
###.# ##....##.##.# ###
##
#.##.##>a.#.########.##
.###
#.#...#@..#...........#
#..##
#.###.......########.##
###.# #.# #..........#
#.# #<##
#.###.......##.# #.#
### ##.#...#...####.#
#.# #.###......# #.#
#.# ##.# ####..## #.#
#.# ##.## ###..# #.#
#.# ###.## ###....###
#.# ##)#


You could see a worker ant.

Vanquished Creatures
  Jessica (D:2)
  A worm (D:2)
  2 bats
  5 giant cockroaches
  5 goblins
  5 hobgoblins
  A frilled lizard (D:2)
  4 rats
24 creatures vanquished.

Notes
Turn   | Place    | Note
-------+----------+-------------------------------------------
     0 | D:1      | julzol the Draconian Conjurer began the quest for the Orb.
     0 | D:1      | Reached XP level 1. HP: 14/14 MP: 3/3
   436 | D:1      | Reached XP level 2. HP: 20/20 MP: 5/5
   581 | D:1      | Learned a level 2 spell: Searing Ray
   763 | D:2      | Found a hide-covered altar of Uskayaw.
   821 | D:2      | Found a burning altar of Makhleb.
   834 | D:2      | Noticed Jessica
   857 | D:2      | Killed Jessica
   857 | D:2      | Reached XP level 3. HP: 3/26 MP: 2/6
  1125 | D:1      | HP: 1/26 [poisoned by a worker ant]
  1125 | D:1      | Slain by a worker ant

Skill      XL: |  1  2 |
---------------+-------+-----
Dodging        | 2 |  2.3
Stealth        | 2 |  2.1
Fighting       | |  0.1
Maces & Flails | |  0.3
Unarmed Combat | |  0.1
Spellcasting   | |  2.3
Conjurations   | |  4.6

Action                   || total
-------------------------++-------
Melee: Unarmed           ||    12
       Whip              ||    26
       Tailslap          ||     3
 Cast: Magic Dart        ||    42
       Searing Ray       ||     2
  Use: Scroll            ||     1
  Eat: Ration            ||     3
Armor: Skin              ||    21
Dodge: Dodged            ||    35
